 Dungeon Crawl Stone Soup version 0.26-a0-597-gb535b0901c (webtiles) character file.

Game seed: 7853013138063406880

67 hickop the Ducker (level 4, -2/23 HPs)
             Began as a Spriggan Fighter on Sept 1, 2020.
             Killed from afar by an orc wizard (6 damage)
             ... with a magic dart
             ... on level 2 of the Dungeon.
             The game lasted 00:15:52 (2335 turns).

hickop the Ducker (Spriggan Fighter)                Turns: 2335, Time: 00:15:52

Health: -2/23      AC:  3    Str: 10 (13) XL:     4   Next: 0%
Magic:  5/5        EV: 19    Int:  6 (9)  God:
Gold:   78         SH:  0    Dex: 13 (15) Spells: 3/3 levels left

rFire    . . .     SeeInvis +   i - +0 short sword
rCold    . . .     Faith    .   (shield restricted)
rNeg     . . .     Spirit   .   b - +1 robe
rPois    .         Reflect  .   (helmet restricted)
rElec    .         Harm     .   (no cloak)
rCorr    .                      (gloves unavailable)
MR       .....                  (boots unavailable)
Stlth    ++........             (no amulet)
HPRegen  0.07/turn              (no ring)
MPRegen  0.09/turn              (no ring)

@: very quick
A: very small, unfitting armour, see invisible, speed 3
a: no special abilities


You were on level 2 of the Dungeon.
You visited 1 branch of the dungeon, and saw 3 of its levels.

You collected 78 gold pieces.

Inventory:

Hand Weapons
 a - a +0 rapier
 g - a +0 hunting sling
 i - a +0 short sword (weapon)
 l - a +0 short sword
Missiles
 n - 53 stones
 o - 14 poisoned darts (quivered)
Armour
 b - a +1 robe (worn)
 c - a +0 buckler


   Skills:
 * Level 2.7 Fighting
 - Level 3.5 Short Blades
 + Level 0.1 Throwing
 + Level 5.2 Dodging
 + Level 0.9 Stealth
 - Level 2.3 Shields


You had 3 spell levels left.
You didn't know any spells.
Your spell library was empty.

Dungeon Overview and Level Annotations

Branches:
Dungeon (3/15)

Altars:
Nemelex Xobeh

Annotations:
D:3 3 runed translucent doors, Sapher's ghost, amateur OpIE


Innate Abilities, Weirdness & Mutations

You are very small and have problems with some larger weapons.
You are too small for most types of armour.
You have supernaturally acute eyesight. (SInv)
You cover ground extremely quickly.


Message History

You hit the orc wizard.
The orc wizard is lightly wounded.
The bat misses you.
The orc wizard points at you and mumbles some strange words.
The magic dart hits you!
* * * LOW HITPOINT WARNING * * *
The orc misses you. The orc wizard completely misses you.
Press: ? - help, Dir - move target cursor
As you read the scroll of blinking, it crumbles to dust.
You start resting.
An orc wizard is nearby!
Throwing (i - inventory. (/) - cycle)
o - 15 poisoned darts (quivered)
Press: ? - help, Shift-Dir - straight line, f - orc wizard
Aim: an orc wizard, wielding a +0 dagger and wearing a +0 robe (lightly wounded, fast)
You throw a poisoned dart. The poisoned dart hits the orc wizard.
The orc wizard is poisoned.
The orc wizard is lightly wounded.
The orc wizard points at you and mumbles some strange words.
The magic dart hits you.
You die...

#.#....o.###########..##§§
#.#.#######o..........##☼§
#.#.# #>)..o.b........##§§
#.#.###)#.#.###.......##§.
#.)...[...#.# #.......##§☼
####.###.###o###.....######
#............##........##..
#.##.###.######........####
#.##.....o@...+........##§°
#.##..##.######........##○§
#.##..##.# #....)...##.○
#.##..##.######.......<##○.
#.....##...............##☼☼
###...#########........####
#.......# ########.# #
#.###.#.# #.# #.# #.#.# #.#


You could see an orc wizard (fast, poisoned).

Vanquished Creatures
  A dart slug (D:1)
  5 leopard geckos
  8 orcs (D:2)
  5 bats (D:1)
  6 giant cockroaches
  3 goblins (D:1)
  7 hobgoblins (D:1)
  2 ball pythons
  2 frilled lizards
  4 kobolds
  6 rats
49 creatures vanquished.

Notes
Turn   | Place    | Note
-------+----------+-------------------------------------------
     0 | D:1      | hickop the Spriggan Fighter began the quest for the Orb.
     0 | D:1      | Reached XP level 1. HP: 11/11 MP: 2/2
   187 | D:1      | Reached XP level 2. HP: 12/16 MP: 3/3
   237 | D:1      | You fall into a shaft and drop 1 floor!
   576 | D:1      | Reached XP level 3. HP: 19/19 MP: 4/4
   723 | D:1      | Reached skill level 5 in Dodging
  1504 | D:2      | Found a sparkling altar of Nemelex Xobeh.
  1616 | D:3      | Found a runed translucent gate.
  1617 | D:3      | Found a runed translucent gate.
  1622 | D:3      | Found a runed translucent gate.
  1624 | D:3      | Noticed Sapher's ghost (amateur OpIE)
  2189 | D:2      | Reached XP level 4. HP: 14/23 MP: 5/5
  2335 | D:2      | Killed from afar by an orc wizard

Illustrated notes

Levels and vault maps discovered:
D:1:      dpeg_arrival_connections, layout_basic
D:2:      layout_basic, nemelex_altar_shiori
D:3:      layout_basic, gammafunk_ghost_split, chequers_ecumenical_altar_simple,
          portal_sewer_entry_b

Skill      XL: |  1  2  3 |
---------------+----------+-----
Short Blades   | 3 |  3.5
Dodging        | 5 |  5.2
Fighting       | |  2.7
Throwing       | |  0.1
Stealth        | |  0.9
Shields        | |  2.3

Action                   |  1- 3 |  4- 6 || total
-------------------------+-------+-------++-------
Melee: Rapier            |    40 |       ||    40
       Short sword       |   185 |    11 ||   196
Throw: Dart              |     2 |     1 ||     3
       Stone             |     2 |       ||     2
       Throwing net      |     1 |       ||     1
  Use: Scroll            |     5 |     1 ||     6
       Potion            |     3 |       ||     3
 Stab: Sleeping          |     1 |       ||     1
Armor: Robe              |    20 |     1 ||    21
Dodge: Dodged            |   190 |    21 ||   211
Block: Buckler           |    25 |       ||    25

Table legend: (Time is in decaauts)
 A = Elapsed time spent in this place.
 B = Non-inter-level travel time spent in this place.
 C = Inter-level travel time spent in this place.
 D = Time resting spent in this place.
 E = Time spent auto-exploring this place.
 F = Levels seen in this place.
 G = Mean time per level.
                   A        B        C        D        E       F      G
               +--------+--------+--------+--------+--------+-----+--------+
         Total |   1839 |   1751 |     88 |    508 |    712 |   3 |  613.0 |
       Dungeon |   1839 |   1751 |     88 |    508 |    712 |   3 |  613.0 |
               +--------+--------+--------+--------+--------+-----+--------+

Top non-repeatable levels by time:
     D:2: 1032 daAuts
     D:1: 773 daAuts
     D:3: 32 daAuts
